 Dungeon Crawl Stone Soup version 0.27.0-1-g7a089689b8 (webtiles) character file.

Game seed: 12462774348808196253

91 Lochraine the Skirmisher (level 4, 0/37 HPs)
             Began as a Mummy Fighter on Aug 11, 2021.
             Slain by a gnoll (1 damage)
             ... on level 2 of the Dungeon.
             The game lasted 00:02:27 (1437 turns).

Lochraine the Skirmisher (Mummy Fighter)            Turns: 1437, Time: 00:02:28

Health: 0/37       AC:  6    Str: 20    XL:     4   Next: 33%
Magic:  4/4        EV:  7    Int:  7    God:
Gold:   36         SH: 11    Dex: 11    Spells: 3/3 levels left

rFire    x . .     SeeInvis .   g - +2 war axe (elec)
rCold    + . .     Faith    .   e - +2 kite shield
rNeg     + + +     Spirit   .   b - +0 scale mail
rPois    ∞         Reflect  .   (no helmet)
rElec    .         Harm     .   (no cloak)
rCorr    .         Rampage  .   (no gloves)
Will     .....                  (no boots)
Stlth    ..........             (no amulet)
HPRegen  0.12/turn              (no ring)
MPRegen  0.09/turn              (no ring)

@: no status effects
A: cold resistance 1, negative energy resistance 3, torment resistance 2, heat
vulnerability 1, no potions
a: no special abilities


You were on level 2 of the Dungeon.
You visited 1 branch of the dungeon, and saw 2 of its levels.

You collected 36 gold pieces.

Inventory:

Hand Weapons
 a - a +0 flail
 d - the +3 quarterstaff of Eroemuekh {speed, rElec rF+ Str-4}
   (You found it on level 1 of the Dungeon)

   Attacks with this weapon are significantly faster.
   Str:       It affects your strength (-4).
   rF:        It protects you from fire.
   rElec:     It insulates you from electricity.
 g - a +2 war axe of electrocution (weapon)
   (You found it on level 2 of the Dungeon)
Armour
 b - a +0 scale mail (worn)
 c - a +0 kite shield
 e - a +2 kite shield (worn)
   (You found it on level 1 of the Dungeon)
Scrolls
 f - a scroll of brand weapon {unknown}
 h - a scroll of identify {unknown}


   Skills:
 + Level 3.6 Fighting
 + Level 0.6(1.3) Axes
 - Level 1.7(2.0) Maces & Flails
 - Level 0.9(1.4) Staves
 + Level 3.0 Armour
 + Level 2.9 Shields


You had 3 spell levels left.
You didn't know any spells.
Your spell library was empty.

Dungeon Overview and Level Annotations

Branches:
Dungeon (2/15)

Altars:


Innate Abilities, Weirdness & Mutations

You are immune to poison.
Your flesh is cold resistant. (rC+)
You are immune to negative energy. (rN+++)
You are immune to unholy pain and torment.
You are vulnerable to heat. (rF-)
You do not drink.


Message History

A rat is nearby!
The rat barely misses you.
You closely miss the rat. The rat bites you but does no damage.
You block the rat's attack.
You closely miss the rat. You block the rat's attack. x2
You hit the rat but do no damage. Lightning courses through the rat!
You kill the rat!
No target in view!
There is a stone staircase leading down here.
A gnoll comes into view. It is wielding a +0 spear.
The gnoll shouts!
You hear a shout!
A gnoll comes into view. It is wielding a +0 whip.
A gnoll comes into view. It is wielding a +0 whip.
The gnoll shouts!
A gnoll comes into view. It is wielding a +0 club.
You barely miss the gnoll. You block the gnoll's attack.
You barely miss the gnoll. x2; The gnoll hits you with a +0 whip.
The gnoll closely misses you. The gnoll hits you with a +0 whip. x2
You block the gnoll's attack. The gnoll hits you with a +0 whip.
You slash the gnoll! Lightning courses through the gnoll!
You kill the gnoll!
You barely miss the gnoll. x2; You block the gnoll's attack. x2
The gnoll hits you but does no damage. The gnoll hits you with a +0 whip.
The gnoll hits you from afar with a +0 spear.
The gnoll hits you with a +0 club.
Your Armour skill increases to level 3!
You hit the gnoll. You barely miss the gnoll. You block the gnoll's attack. x2
The gnoll hits you with a +0 club!
* * * LOW HITPOINT WARNING * * *
The gnoll hits you but does no damage.
You are too injured to fight recklessly!
You slash the gnoll!
You kill the gnoll!
The gnoll hits you with a +0 club.
* * * LOW HITPOINT WARNING * * *
You hit the gnoll. You block the gnoll's attack.
The gnoll hits you from afar with a +0 spear!
* * * LOW HITPOINT WARNING * * *
The gnoll hits you but does no damage.
You can't drink.
You slash the gnoll! The gnoll hits you but does no damage.
You block the gnoll's attack.
Okay, then.
You closely miss the gnoll. The gnoll barely misses you.
The gnoll hits you with a +0 club.
* * * LOW HITPOINT WARNING * * *
The gnoll hits you with a +0 club.
* * * LOW HITPOINT WARNING * * *
The gnoll hits you from afar with a +0 spear.
You die...

#.##.#...#
#.##.#...# ####
#........# ....
###........# #...
###.#....#######...
#..............>...
##..#.##....###..†.
#..#.......# #....
#@.#.......# #....
##g#.......# #....
#)g........# #.#..
#..#.......# #.#).
#..##.....####.+..
#..##.........##..
#..##......##.##..
#...+..<..†.......
#.###......##.†...


You could see 2 gnolls.

Vanquished Creatures
  2 gnolls (D:2)
  An adder (D:2)
  A worm (D:2)
  A dart slug (D:1)
  9 ball pythons
  3 bats
  2 endoplasms
  A giant cockroach (D:2)
  6 goblins
  6 hobgoblins (D:1)
  3 jackals (D:2)
  3 kobolds
  2 quokkas
  5 frilled lizards
  12 rats
57 creatures vanquished.

Notes
Turn   | Place    | Note
-------+----------+-------------------------------------------
     0 | D:1      | Lochraine the Mummy Fighter began the quest for the Orb.
     0 | D:1      | Reached XP level 1. HP: 18/18 MP: 1/1
   138 | D:1      | Identified the +3 quarterstaff of Eroemuekh {speed, rElec
                  | rF+ Str-4}
   180 | D:1      | Reached XP level 2. HP: 21/24 MP: 2/2
   680 | D:1      | Reached XP level 3. HP: 29/29 MP: 3/3
  1384 | D:2      | Reached XP level 4. HP: 35/35 MP: 4/4
  1437 | D:2      | HP: 1/37 [gnoll (2)]
  1437 | D:2      | Slain by a gnoll

Illustrated notes

Levels and vault maps discovered:
D:1:      minmay_arrival_split_and_join, layout_basic, serial_co_window_serial,
          co_window_of_opportunity_a, co_window_of_opportunity_a,
          co_window_paths_b, co_window_cross_1, co_window_paths_b,
          co_window_paths_a, co_window_of_opportunity_a, co_window_paths_c,
          co_window_2corner, co_window_broadway_a, co_window_2corner,
          co_window_corner_b, glass_columns_a, glass_columns_b, glass_columns_b,
          dk_noncrumbling_4, glass_columns_a
D:2:      layout_basic, basic_altar, basic_ecumenical_altar,
          minmay_pentomino_pile, uniq_terence

Skill      XL: |  1  2  3  4 |
---------------+-------------+-----
Armour         | 3 |  3.0
Fighting       | |  3.6
Axes           | |  0.6
Maces & Flails | |  1.7
Staves         | |  0.9
Shields        | |  2.9

Action                   |  1- 3 |  4- 6 || total
-------------------------+-------+-------++-------
Melee: Flail             |     8 |       ||     8
       Quarterstaff      |    76 |       ||    76
       War axe           |    26 |    14 ||    40
Armor: Scale mail        |    55 |     6 ||    61
Dodge: Dodged            |    52 |     3 ||    55
Block: Kite shield       |    17 |    13 ||    30
